Devils vs Canadiens (R1)

Created - November 4, 2018 at 19:15

Goals
1 2 3 T
Devils 4 0 4 8
Canadiens 1 2 2 5
Shots
1 2 3 T
Devils 13 7 11 31
Canadiens 11 15 8 34

1st period

1. Devils , Ben Lovejoy 2 (Patrick Kane 11, Matt Duchene 11) at 12:38 (PP)
2. Devils , Patrick Kane 8 (Matt Duchene 12, Taylor Hall 8) at 14:26
3. Canadiens , Joe Pavelski 6 (Raphael Diaz 6, Luke Schenn 5) at 15:28
4. Devils , Jordan Eberle 4 (Dmitry Kulikov 3, Jonathan Toews 8) at 18:43
5. Devils , Ben Lovejoy 3 (Taylor Hall 9, Patrick Kane 12) at 19:29 (PP)

Penalties :
Patrick Kane (NJD) for Delaying the game (Minor) at 1:35, Patrick Kane (NJD) for Roughing (Minor) at 3:57, Tyler Cuma (NJD) for Holding (Minor) at 8:12, Joe Pavelski (Mon) for Hooking (Minor) at 12:23, Alexander Frolov (Mon) for Checking from behind (Minor) at 19:07

2nd period

6. Canadiens , Joe Pavelski 7 (Luke Schenn 6, Greg Stewart 3) at 4:27
7. Canadiens , Evgeny Dadonov 4 (Jason Spezza 5, Luke Schenn 7) at 18:47 (PP)

Penalties :
Jaden Schwartz (NJD) for Tripping (Minor) at 5:06, Alexander Frolov (Mon) for Holding (Minor) at 15:56, Scott Gomez (NJD) for Hooking (Minor) at 18:10, Patrick Kane (NJD) for Interference (Minor) at 18:58

3rd period

8. Devils , Taylor Hall 7 (Matt Duchene 13, Patrick Kane 13) at 2:31
9. Devils , Kellan Lain 3 (Ben Lovejoy 3, Scott Gomez 1) at 10:19
10. Canadiens , Jason Spezza 6 (Greg Stewart 4, Shaone Morrisonn 1) at 13:27 (PP)
11. Devils , Dmitry Kulikov 1 (Mike Komisarek 4, Brandon Bollig 2) at 17:11
12. Canadiens , Dustin Boyd 3 (Raphael Diaz 7, Sidney Crosby 9) at 18:56
13. Devils , Kellan Lain 4 (Anthony Stewart 1) at 19:04

Penalties :
Luke Schenn (Mon) for Hooking (Minor) at 10:34, Mike Komisarek (NJD) for Slashing (Minor) at 12:48

Goalie Stats

Tuukka Rask (NJD), 29 saves from 34 shots - (0.853), W, 6-3-0, 60:00 minutes
Allen York (Mon), 8 saves from 12 shots - (0.667), 19:29 minutes
Henrik Lundqvist (Mon), 15 saves from 19 shots - (0.789), L, 4-4-1, 40:31 minutes

Players Stats for Devils

Player Name              G  A  P  +/- PIM S  H  SB GA TA FO     MP     PP MP  PK MP  
------------------------------------------------------------------------------------
Anthony Stewart          0  1  1   2  0   0  2  0  0  1  2/2    12:50   0:00   3:38 
Ben Lovejoy              2  1  3   2  0   4  2  3  1  1  0/0    24:40   2:47   7:14 
Brandon Bollig           0  1  1   1  0   2  0  0  0  0  0/0     6:06   0:00   0:00 
Dmitry Kulikov           1  1  2   2  0   1  2  0  0  1  0/0    13:28   1:48   0:00 
Jaden Schwartz           0  0  0  -1  2   0  0  0  0  1  0/0    14:54   1:39   0:00 
Jonathan Toews           0  1  1  -1  0   1  0  0  2  0  9/12   15:32   1:39   0:17 
Jordan Eberle            1  0  1  -1  0   4  1  0  0  0  0/0    18:15   1:39   3:12 
Kellan Lain              2  0  2   2  0   3  3  1  0  0  0/0    10:29   0:00   1:08 
Matt Duchene             0  3  3   1  0   1  1  0  1  1  19/33  22:03   2:56   4:25 
Mike Komisarek           0  1  1   2  2   0  0  1  1  1  0/0    15:35   1:48   3:18 
Patrick Kane             1  3  4   1  6   3  1  1  1  0  3/10   21:41   2:56   3:05 
Ryan O'Byrne             0  0  0   2  0   0  1  0  0  0  0/0    19:29   0:00   3:57 
Scott Gomez              0  1  1   2  2   0  0  0  0  0  0/3     9:08   0:00   0:00 
Steve Quailer            0  0  0   1  0   2  0  0  0  0  0/0     6:06   0:00   0:00 
Taylor Hall              1  2  3   1  0   5  0  1  0  0  2/3    24:56   2:56   6:37 
Travis Hamonic           0  0  0  -1  0   2  3  0  0  0  0/0    25:41   0:00   7:14 
Tyler Bozak              0  0  0   1  0   1  0  0  1  0  1/1     6:06   0:00   0:00 
Tyler Cuma               0  0  0  -1  2   2  4  1  0  2  0/0    21:43   2:47   0:39 

Players Stats for Canadiens

Player Name              G  A  P  +/- PIM S  H  SB GA TA FO     MP     PP MP  PK MP  
------------------------------------------------------------------------------------
Adam Pardy               0  0  0  -2  0   0  0  0  0  0  0/0    12:37   0:00   2:15 
Alexander Frolov         0  0  0   1  4   2  1  0  0  2  1/4    22:13   6:13   0:42 
Brett Maclean            0  0  0  -1  0   1  0  0  0  0  0/0    12:54   0:00   1:10 
David Jones              0  0  0  -1  0   2  3  0  1  0  0/0    12:28   0:06   0:00 
Dustin Boyd              1  0  1  -1  0   3  1  1  0  1  1/2    12:44   0:06   0:09 
Dustin Kohn              0  0  0   1  0   0  0  0  0  0  0/0     5:32   0:00   0:33 
Enver Lisin              0  0  0  -1  0   1  0  0  1  0  0/0     4:20   0:06   0:00 
Evgeny Dadonov           1  0  1  -2  0   5  1  0  0  0  1/2    18:23   4:52   0:00 
Greg Stewart             0  2  2  -2  0   3  1  0  1  0  0/0    18:48   4:52   0:18 
Jason Spezza             1  1  2  -2  0   3  0  0  1  0  4/11   21:29   4:52   3:06 
Joe Pavelski             2  0  2   1  2   6  3  0  0  0  0/2    21:33   6:13   0:42 
Luke Schenn              0  3  3  -1  2   3  0  3  1  0  0/0    28:11   6:05   1:47 
Marcel Goc               0  0  0  -1  0   0  0  0  0  0  1/1     3:57   0:00   0:00 
Raphael Diaz             0  2  2  -2  0   2  2  2  0  0  0/0    28:00   6:05   3:13 
Shaone Morrisonn         0  1  1  -1  0   1  1  0  0  1  0/0    15:16   1:38   0:00 
Sidney Crosby            0  1  1   0  0   1  3  0  2  0  20/42  26:32   6:13   3:03 
Vitaly Vishnevsky        0  0  0   0  0   0  0  2  1  1  0/0     9:35   3:28   0:00 
Wes O'Neill              0  0  0  -1  0   1  0  1  0  2  0/0    20:49   5:06   1:22 

3 Stars

1 - Ben Lovejoy (NJD)
2 - Kellan Lain (NJD)
3 - Taylor Hall (NJD)

Power Play

Devils - 2 on 4 Attempt(s) - 50.00%
Canadiens - 2 on 7 Attempt(s) - 28.57%

Penalty Kill

Devils - 5 on 7 Attempt(s) - 71.43% - Score 0 goal in Penalty Kill
Canadiens - 2 on 4 Attempt(s) - 50.00% - Score 0 goal in Penalty Kill

Team Stat

Devils - Hits : 20 - Faceoff Wins : 36 - Blocked Shots : 8 - Penalty Minutes : 14
Canadiens - Hits : 16 - Faceoff Wins : 28 - Blocked Shots : 9 - Penalty Minutes : 8

Official

Referees : Unknown
Linesman : Unknown

Game Notes

Henrik Lundqvist enters game at 19:29 of 1st period
Vitaly Vishnevsky is injured at 8:43 of 2nd period (Strained Back)

Finance

Level 1 -- Attendance: 5635 (93.92%) -- Ticket Income $495,880
Level 2 -- Attendance: 5000 (100.00%) -- Ticket Income $275,000
Level 3 -- Attendance: 1985 (99.25%) -- Ticket Income $71,460
Level 4 -- Attendance: 4000 (100.00%) -- Ticket Income $108,000
Luxury Box -- Attendance: 1000 (100.00%) -- Ticket Income $155,000
Game was played at the Centre Bell.
Total Attendance: 17620 (97.89%)
Total Ticket Income: $1,105,340
Other Income: $165,801
Total Income: $1,271,141

Devils

5 vs 5 Forward 
   Center                   Left Wing                Right Wing               Time % Phy DF OF 
 1 Matt Duchene             Taylor Hall              Patrick Kane             40     1   2  2  
 2 Jonathan Toews           Jaden Schwartz           Jordan Eberle            30     1   2  2  
 3 Scott Gomez              Kellan Lain              Anthony Stewart          20     1   2  2  
 4 Tyler Bozak              Brandon Bollig           Steve Quailer            10     1   2  2  

5 vs 5 Defense 
   Defense                  Defense                                           Time % Phy DF OF 
 1 Travis Hamonic           Tyler Cuma                                        40     1   2  2  
 2 Ben Lovejoy              Ryan O'Byrne                                      30     1   2  2  
 3 Dmitry Kulikov           Mike Komisarek                                    20     1   2  2  
 4 Ryan O'Byrne             Dmitry Kulikov                                    10     1   2  2  

PowerPlay Forward 
   Center                   Left Wing                Right Wing               Time % Phy DF OF 
 1 Matt Duchene             Taylor Hall              Patrick Kane             60     1   2  2  
 2 Jonathan Toews           Jaden Schwartz           Jordan Eberle            40     1   2  2  

PowerPlay Defense
   Defense                  Defense                                           Time % Phy DF OF 
 1 Tyler Cuma               Ben Lovejoy                                       60     1   2  2  
 2 Mike Komisarek           Dmitry Kulikov                                    40     1   2  2  

Penalty Kill 4 Players Forward 
   Center                   Wing                     Time % Phy DF OF 
 1 Patrick Kane             Taylor Hall              60     1   2  2  
 2 Matt Duchene             Jordan Eberle            40     1   2  2  

Penalty Kill 4 Players Defense
   Defense                  Defense                  Time % Phy DF OF 
 1 Travis Hamonic           Ben Lovejoy              60     1   2  2  
 2 Mike Komisarek           Ryan O'Byrne             40     1   2  2  

Penalty Kill - 3 Players Forward 
   Forward                                           Time % Phy DF OF 
 1 Patrick Kane                                      60     1   2  2  
 2 Taylor Hall                                       40     1   2  2  

Penalty Kill - 3 Players Defense
   Defense                  Defense                  Time % Phy DF OF 
 1 Travis Hamonic           Ben Lovejoy              60     1   2  2  
 2 Mike Komisarek           Ryan O'Byrne             40     1   2  2  

4 vs 4 Forward 
   Center                   Wing                     Time % Phy DF OF 
 1 Patrick Kane             Taylor Hall              60     1   2  2  
 2 Matt Duchene             Jordan Eberle            40     1   2  2  

4 vs 4 Defense
   Defense                  Defense                  Time % Phy DF OF 
 1 Travis Hamonic           Ben Lovejoy              60     1   2  2  
 2 Mike Komisarek           Ryan O'Byrne             40     1   2  2  

Last Minutes Offensive
   Center                   Left Wing                Right Wing               Defense                  Defense                  
   Matt Duchene             Taylor Hall              Patrick Kane             Tyler Cuma               Ben Lovejoy              

Last Minutes Defensive
   Center                   Left Wing                Right Wing               Defense                  Defense                  
   Matt Duchene             Taylor Hall              Patrick Kane             Travis Hamonic           Ben Lovejoy              

Goaltenders
Starting : Tuukka Rask              
Backup : Keith Kinkaid            

Extra Forwards
Normal : Scott Gomez, Brandon Bollig, Anthony Stewart - PP : Scott Gomez, Brandon Bollig - PK : Anthony Stewart
Extra Defensemen
Normal : Dmitry Kulikov, Tyler Cuma, Mike Komisarek - PP : Dmitry Kulikov - PK : Tyler Cuma, Mike Komisarek
Penalty Shots
Patrick Kane, Taylor Hall, Matt Duchene, Jordan Eberle, Jonathan Toews

Scratches
Erik Christensen (Healthy), Ilya Bryzgalov (Healthy)

Canadiens

5 vs 5 Forward 
   Center                   Left Wing                Right Wing               Time % Phy DF OF 
 1 Sidney Crosby            Alexander Frolov         Joe Pavelski             40     1   2  2  
 2 Jason Spezza             Greg Stewart             Evgeny Dadonov           30     1   2  2  
 3 Dustin Boyd              Brett Maclean            David Jones              20     1   2  2  
 4 Marcel Goc               Sidney Crosby            Enver Lisin              10     1   2  2  

5 vs 5 Defense 
   Defense                  Defense                                           Time % Phy DF OF 
 1 Luke Schenn              Raphael Diaz                                      40     1   2  2  
 2 Vitaly Vishnevsky        Wes O'Neill                                       30     1   2  2  
 3 Shaone Morrisonn         Adam Pardy                                        20     1   2  2  
 4 Dustin Kohn              Luke Schenn                                       10     1   2  2  

PowerPlay Forward 
   Center                   Left Wing                Right Wing               Time % Phy DF OF 
 1 Sidney Crosby            Alexander Frolov         Joe Pavelski             60     1   2  2  
 2 Jason Spezza             Greg Stewart             Evgeny Dadonov           40     1   2  2  

PowerPlay Defense
   Defense                  Defense                                           Time % Phy DF OF 
 1 Luke Schenn              Raphael Diaz                                      60     1   2  2  
 2 Vitaly Vishnevsky        Wes O'Neill                                       40     1   2  2  

Penalty Kill 4 Players Forward 
   Center                   Wing                     Time % Phy DF OF 
 1 Sidney Crosby            Jason Spezza             60     1   2  2  
 2 Joe Pavelski             Alexander Frolov         40     1   2  2  

Penalty Kill 4 Players Defense
   Defense                  Defense                  Time % Phy DF OF 
 1 Luke Schenn              Raphael Diaz             60     1   2  2  
 2 Vitaly Vishnevsky        Wes O'Neill              40     1   2  2  

Penalty Kill - 3 Players Forward 
   Forward                                           Time % Phy DF OF 
 1 Sidney Crosby                                     60     1   2  2  
 2 Jason Spezza                                      40     1   2  2  

Penalty Kill - 3 Players Defense
   Defense                  Defense                  Time % Phy DF OF 
 1 Luke Schenn              Raphael Diaz             60     1   2  2  
 2 Vitaly Vishnevsky        Wes O'Neill              40     1   2  2  

4 vs 4 Forward 
   Center                   Wing                     Time % Phy DF OF 
 1 Sidney Crosby            Jason Spezza             60     1   2  2  
 2 Joe Pavelski             Alexander Frolov         40     1   2  2  

4 vs 4 Defense
   Defense                  Defense                  Time % Phy DF OF 
 1 Luke Schenn              Raphael Diaz             60     1   2  2  
 2 Vitaly Vishnevsky        Wes O'Neill              40     1   2  2  

Last Minutes Offensive
   Center                   Left Wing                Right Wing               Defense                  Defense                  
   Sidney Crosby            Alexander Frolov         Joe Pavelski             Luke Schenn              Raphael Diaz             

Last Minutes Defensive
   Center                   Left Wing                Right Wing               Defense                  Defense                  
   Sidney Crosby            Alexander Frolov         Joe Pavelski             Luke Schenn              Raphael Diaz             

Goaltenders
Starting : Allen York               
Backup : Henrik Lundqvist         

Extra Forwards
Normal : Dustin Boyd, David Jones, Brett Maclean - PP : Dustin Boyd, David Jones - PK : Brett Maclean
Extra Defensemen
Normal : Shaone Morrisonn, Adam Pardy, Dustin Kohn - PP : Shaone Morrisonn - PK : Adam Pardy, Dustin Kohn
Penalty Shots
Sidney Crosby, Jason Spezza, Joe Pavelski, Alexander Frolov, Greg Stewart

Scratches
Brock Nelson (Healthy)

% Time on Ice - Devils

Lines # - Real PCT - Wanted PCT - Time Play
Normal Forward
1 - 35% - 40% - 15:35
2 - 30% - 30% - 13:24
3 - 21% - 20% - 9:09
4 - 14% - 10% - 6:06
Normal Defense
1 - 42% - 40% - 18:42
2 - 32% - 30% - 14:07
3 - 22% - 20% - 9:45
4 - 4% - 10% - 1:40
PP Forward
1 - 64% - 60% - 2:56
2 - 36% - 40% - 1:39
PP Defense
1 - 61% - 60% - 2:47
2 - 39% - 40% - 1:48
PK Forward
1 - 71% - 60% - 7:59
2 - 29% - 40% - 3:12
PK Defense
1 - 65% - 60% - 7:14
2 - 35% - 40% - 3:57
PK3 Forward
1 - 0% - 60%
2 - 0% - 40%
PK3 Defense
1 - 0% - 60%
2 - 0% - 40%
44 Forward
1 - 0% - 60%
2 - 0% - 40%
44 Defense
1 - 0% - 60%
2 - 0% - 40%
Last Minute Offensive  - 0:00
Last Minute Defensive  - 0:00
Total
Forward - 60:00
Defense - 60:00

% Time on Ice - Canadiens

Lines # - Real PCT - Wanted PCT - Time Play
Normal Forward
1 - 34% - 40% - 15:03
2 - 31% - 30% - 13:31
3 - 26% - 20% - 11:43
4 - 9% - 10% - 3:57
Normal Defense
1 - 42% - 40% - 18:42
2 - 34% - 30% - 14:56
3 - 20% - 20% - 8:47
4 - 4% - 10% - 1:49
PP Forward
1 - 56% - 60% - 6:19
2 - 44% - 40% - 4:52
PP Defense
1 - 54% - 60% - 6:05
2 - 46% - 40% - 5:06
PK Forward
1 - 85% - 60% - 3:53
2 - 15% - 40% - 0:42
PK Defense
1 - 70% - 60% - 3:13
2 - 30% - 40% - 1:22
PK3 Forward
1 - 0% - 60%
2 - 0% - 40%
PK3 Defense
1 - 0% - 60%
2 - 0% - 40%
44 Forward
1 - 0% - 60%
2 - 0% - 40%
44 Defense
1 - 0% - 60%
2 - 0% - 40%
Last Minute Offensive  - 0:00
Last Minute Defensive  - 0:00
Total
Forward - 60:00
Defense - 60:00

Play by Play

1st period


0:01 of 1st period - Matt Duchene wins face-off versus Sidney Crosby in neutral zone.
0:06 of 1st period - Snap shot by Taylor Hall.
0:06 of 1st period - Stopped by Allen York with a rebound.
0:16 of 1st period - Snap shot by Joe Pavelski.
0:16 of 1st period - Deflect By Tyler Cuma.
0:16 of 1st period - Shot Blocked by Tyler Cuma.
0:16 of 1st period - Puck is out of play.
0:17 of 1st period - Jonathan Toews wins face-off versus Jason Spezza in Devils zone.
1:18 of 1st period - Snap shot by Steve Quailer.
1:18 of 1st period - Shot Misses the Net.
1:35 of 1st period - Minor Penalty to Patrick Kane for Delaying the game.
1:36 of 1st period - Taylor Hall wins face-off versus Sidney Crosby in Devils zone.
1:36 of 1st period - Taylor Hall is hit by Sidney Crosby.
2:09 of 1st period - Wrist shot by Evgeny Dadonov.
2:09 of 1st period - Deflect By Travis Hamonic.
2:09 of 1st period - Stopped by Tuukka Rask without a rebound.
2:10 of 1st period - Sidney Crosby wins face-off versus Matt Duchene in Devils zone.
3:24 of 1st period - Greg Stewart is hit by Matt Duchene and loses puck.
3:35 of 1st period - Penalty to Patrick Kane is over, Patrick Kane is back on ice.
3:39 of 1st period - Slapshot by Taylor Hall.
3:39 of 1st period - Shot Blocked by Raphael Diaz.
3:57 of 1st period - Minor Penalty to Patrick Kane for Roughing.
3:58 of 1st period - Matt Duchene wins face-off versus Sidney Crosby in Devils zone.
4:07 of 1st period - Travis Hamonic is hit by Joe Pavelski and loses puck.
4:24 of 1st period - Greg Stewart is hit by Anthony Stewart and loses puck.
5:32 of 1st period - Jason Spezza is hit by Kellan Lain and loses puck.
5:57 of 1st period - Penalty to Patrick Kane is over, Patrick Kane is back on ice.
6:02 of 1st period - Matt Duchene is hit by Raphael Diaz and loses puck.
7:20 of 1st period - Snap shot by Tyler Bozak.
7:20 of 1st period - Shot Misses the Net.
7:22 of 1st period - Slapshot by Steve Quailer.
7:22 of 1st period - Stopped by Allen York without a rebound.
7:23 of 1st period - Tyler Bozak wins face-off versus Sidney Crosby in Canadiens zone.
7:32 of 1st period - Snap shot by Brandon Bollig.
7:32 of 1st period - Stopped by Allen York without a rebound.
7:33 of 1st period - Sidney Crosby wins face-off versus Taylor Hall in Canadiens zone.
8:12 of 1st period - Minor Penalty to Tyler Cuma for Holding.
8:13 of 1st period - Sidney Crosby wins face-off versus Patrick Kane in Devils zone.
8:22 of 1st period - Wrist shot by Taylor Hall.
8:22 of 1st period - Shot Misses the Net.
8:24 of 1st period - Snap shot by Travis Hamonic.
8:24 of 1st period - Stopped by Allen York without a rebound.
8:25 of 1st period - Sidney Crosby wins face-off versus Patrick Kane in Canadiens zone.
8:54 of 1st period - Snap shot by Joe Pavelski.
8:54 of 1st period - Shot Misses the Net.
8:56 of 1st period - Wrist shot by Alexander Frolov.
8:56 of 1st period - Stopped by Tuukka Rask without a rebound.
8:57 of 1st period - Jason Spezza wins face-off versus Patrick Kane in Devils zone.
9:24 of 1st period - Jordan Eberle is hit by Sidney Crosby and loses puck.
10:12 of 1st period - Penalty to Tyler Cuma is over, Tyler Cuma is back on ice.
10:24 of 1st period - Ben Lovejoy is hit by Dustin Boyd and loses puck.
10:43 of 1st period - Snap shot by Taylor Hall.
10:43 of 1st period - Shot Misses the Net.
10:45 of 1st period - Slapshot by Dmitry Kulikov.
10:45 of 1st period - Shot Misses the Net.
10:47 of 1st period - Slapshot by Mike Komisarek.
10:47 of 1st period - Shot Blocked by Vitaly Vishnevsky.
10:49 of 1st period - Slapshot by Dmitry Kulikov.
10:49 of 1st period - Deflect By Patrick Kane.
10:49 of 1st period - Shot Blocked by Wes O'Neill.
10:49 of 1st period - Puck is out of play.
10:50 of 1st period - Jonathan Toews wins face-off versus Sidney Crosby in Canadiens zone.
10:59 of 1st period - Slapshot by Alexander Frolov.
10:59 of 1st period - Stopped by Tuukka Rask without a rebound.
11:00 of 1st period - Jonathan Toews wins face-off versus Joe Pavelski in Devils zone.
11:29 of 1st period - Wrist shot by Joe Pavelski.
11:29 of 1st period - Stopped by Tuukka Rask without a rebound.
11:30 of 1st period - Jason Spezza wins face-off versus Scott Gomez in Devils zone.
11:39 of 1st period - Wrist shot by Evgeny Dadonov.
11:39 of 1st period - Stopped by Tuukka Rask without a rebound.
11:40 of 1st period - Evgeny Dadonov wins face-off versus Scott Gomez in Devils zone.
12:20 of 1st period - Slapshot by Kellan Lain.
12:20 of 1st period - Stopped by Allen York without a rebound.
12:21 of 1st period - Sidney Crosby wins face-off versus Matt Duchene in Canadiens zone.
12:23 of 1st period - Minor Penalty to Joe Pavelski for Hooking.
12:24 of 1st period - Sidney Crosby wins face-off versus Matt Duchene in Canadiens zone.
12:36 of 1st period - Snap shot by Patrick Kane.
12:36 of 1st period - Shot Blocked by Luke Schenn.
12:38 of 1st period - Slapshot by Ben Lovejoy.
12:38 of 1st period - Goal by Ben Lovejoy - Devils : 1 - Canadiens : 0.
12:39 of 1st period - Sidney Crosby wins face-off versus Matt Duchene in neutral zone.
13:06 of 1st period - Luke Schenn is hit by Tyler Cuma and loses puck.
13:29 of 1st period - Slapshot by David Jones.
13:29 of 1st period - Stopped by Tuukka Rask with a rebound.
13:31 of 1st period - Slapshot by Shaone Morrisonn.
13:31 of 1st period - Shot Misses the Net.
13:33 of 1st period - Backhand shot by Wes O'Neill.
13:33 of 1st period - Shot Hit the Post.
13:35 of 1st period - Snap shot by Wes O'Neill.
13:35 of 1st period - Shot Blocked by Mike Komisarek.
14:03 of 1st period - Dmitry Kulikov is hit by Alexander Frolov and loses puck.
14:26 of 1st period - Snap shot by Patrick Kane.
14:26 of 1st period - Goal by Patrick Kane - Devils : 2 - Canadiens : 0.
14:27 of 1st period - Alexander Frolov wins face-off versus Matt Duchene in neutral zone.
14:31 of 1st period - Luke Schenn is hit by Tyler Cuma and loses puck.
14:34 of 1st period - Snap shot by Joe Pavelski.
14:34 of 1st period - Deflect By Alexander Frolov.
14:34 of 1st period - Shot Misses the Net.
14:34 of 1st period - Puck is out of play.
14:35 of 1st period - Matt Duchene wins face-off versus Sidney Crosby in Devils zone.
15:02 of 1st period - Wrist shot by Patrick Kane.
15:02 of 1st period - Shot Misses the Net.
15:20 of 1st period - Slapshot by Sidney Crosby.
15:20 of 1st period - Shot Blocked by Taylor Hall.
15:22 of 1st period - Slapshot by Luke Schenn.
15:22 of 1st period - Stopped by Tuukka Rask with a rebound.
15:24 of 1st period - Slapshot by Raphael Diaz.
15:24 of 1st period - Stopped by Tuukka Rask with a rebound.
15:26 of 1st period - Slapshot by Joe Pavelski.
15:26 of 1st period - Shot Misses the Net.
15:28 of 1st period - Wrist shot by Joe Pavelski.
15:28 of 1st period - Goal by Joe Pavelski - Devils : 2 - Canadiens : 1.
15:29 of 1st period - Jonathan Toews wins face-off versus Jason Spezza in neutral zone.
15:40 of 1st period - Slapshot by Ben Lovejoy.
15:40 of 1st period - Stopped by Allen York with a rebound.
15:42 of 1st period - Slapshot by Ben Lovejoy.
15:42 of 1st period - Shot Misses the Net.
15:56 of 1st period - Shaone Morrisonn is hit by Ben Lovejoy and loses puck.
16:05 of 1st period - Snap shot by Evgeny Dadonov.
16:05 of 1st period - Shot Misses the Net.
16:07 of 1st period - Wrist shot by Luke Schenn.
16:07 of 1st period - Stopped by Tuukka Rask with a rebound.
16:46 of 1st period - Slapshot by Raphael Diaz.
16:46 of 1st period - Shot Misses the Net.
17:02 of 1st period - Snap shot by Brett Maclean.
17:02 of 1st period - Stopped by Tuukka Rask without a rebound.
17:03 of 1st period - Jonathan Toews wins face-off versus Dustin Boyd in Devils zone.
17:29 of 1st period - Wes O'Neill is hit by Dmitry Kulikov and loses puck.
18:39 of 1st period - Wrist shot by Jonathan Toews.
18:39 of 1st period - Shot Misses the Net.
18:41 of 1st period - Snap shot by Dmitry Kulikov.
18:41 of 1st period - Deflect By Jordan Eberle.
18:41 of 1st period - Stopped by Allen York with a rebound.
18:43 of 1st period - Wrist shot by Jordan Eberle.
18:43 of 1st period - Goal by Jordan Eberle - Devils : 3 - Canadiens : 1.
18:44 of 1st period - Matt Duchene wins face-off versus Sidney Crosby in neutral zone.
19:07 of 1st period - Minor Penalty to Alexander Frolov for Checking from behind.
19:08 of 1st period - Sidney Crosby wins face-off versus Matt Duchene in Canadiens zone.
19:11 of 1st period - Snap shot by Patrick Kane.
19:11 of 1st period - Deflect By Taylor Hall.
19:11 of 1st period - Shot Blocked by Raphael Diaz.
19:11 of 1st period - Puck is out of play.
19:12 of 1st period - Matt Duchene wins face-off versus Jason Spezza in Canadiens zone.
19:27 of 1st period - Wrist shot by Taylor Hall.
19:27 of 1st period - Stopped by Allen York with a rebound.
19:29 of 1st period - Snap shot by Ben Lovejoy.
19:29 of 1st period - Goal by Ben Lovejoy - Devils : 4 - Canadiens : 1.
19:29 of 1st period - Henrik Lundqvist enters game.
19:30 of 1st period - Matt Duchene wins face-off versus Sidney Crosby in neutral zone.
19:32 of 1st period - Off-side.
19:33 of 1st period - Matt Duchene wins face-off versus Alexander Frolov in neutral zone.
19:36 of 1st period - Slapshot by Ben Lovejoy.
19:36 of 1st period - Stopped by Henrik Lundqvist with a rebound.
19:38 of 1st period - Snap shot by Patrick Kane.
19:38 of 1st period - Shot Misses the Net.
19:50 of 1st period - Wrist shot by Matt Duchene.
19:50 of 1st period - Shot Misses the Net.
Goals for this period are 4 for Devils vs 1 for Canadiens.
Shots for this period are 13 for Devils vs 11 for Canadiens.

2nd period


0:01 of 2nd period - Matt Duchene wins face-off versus Sidney Crosby in neutral zone.
0:26 of 2nd period - Patrick Kane is hit by David Jones and loses puck.
0:31 of 2nd period - Snap shot by Brett Maclean.
0:31 of 2nd period - Shot Misses the Net.
0:37 of 2nd period - Snap shot by Patrick Kane.
0:37 of 2nd period - Deflect By Matt Duchene.
0:37 of 2nd period - Stopped by Henrik Lundqvist without a rebound.
0:38 of 2nd period - Sidney Crosby wins face-off versus Jonathan Toews in Canadiens zone.
1:34 of 2nd period - Wrist shot by Tyler Bozak.
1:34 of 2nd period - Stopped by Henrik Lundqvist with a rebound.
1:36 of 2nd period - Slapshot by Steve Quailer.
1:36 of 2nd period - Stopped by Henrik Lundqvist without a rebound.
1:37 of 2nd period - Matt Duchene wins face-off versus Sidney Crosby in Canadiens zone.
2:28 of 2nd period - Kellan Lain is hit by David Jones and loses puck.
2:52 of 2nd period - Slapshot by Raphael Diaz.
2:52 of 2nd period - Stopped by Tuukka Rask with a rebound.
2:54 of 2nd period - Wrist shot by Sidney Crosby.
2:54 of 2nd period - Stopped by Tuukka Rask with a rebound.
3:53 of 2nd period - Slapshot by Dustin Boyd.
3:53 of 2nd period - Deflect By David Jones.
3:53 of 2nd period - Shot Misses the Net.
3:53 of 2nd period - Puck is out of play.
3:54 of 2nd period - Matt Duchene wins face-off versus Jason Spezza in Devils zone.
4:25 of 2nd period - Wrist shot by Joe Pavelski.
4:25 of 2nd period - Stopped by Tuukka Rask with a rebound.
4:27 of 2nd period - Slapshot by Luke Schenn.
4:27 of 2nd period - Deflect By Joe Pavelski.
4:27 of 2nd period - Goal by Joe Pavelski - Devils : 4 - Canadiens : 2.
4:28 of 2nd period - Matt Duchene wins face-off versus Sidney Crosby in neutral zone.
5:06 of 2nd period - Minor Penalty to Jaden Schwartz for Tripping.
5:07 of 2nd period - Sidney Crosby wins face-off versus Patrick Kane in Devils zone.
5:25 of 2nd period - Taylor Hall is hit by Sidney Crosby and loses puck.
6:40 of 2nd period - Patrick Kane is hit by Joe Pavelski and loses puck.
7:03 of 2nd period - Ben Lovejoy is hit by David Jones and loses puck.
7:06 of 2nd period - Penalty to Jaden Schwartz is over, Jaden Schwartz is back on ice.
7:08 of 2nd period - Slapshot by Dustin Boyd.
7:08 of 2nd period - Stopped by Tuukka Rask without a rebound.
7:09 of 2nd period - Dustin Boyd wins face-off versus Jonathan Toews in Devils zone.
7:10 of 2nd period - Wrist shot by David Jones.
7:10 of 2nd period - Stopped by Tuukka Rask with a rebound.
7:20 of 2nd period - Snap shot by Jordan Eberle.
7:20 of 2nd period - Shot Misses the Net.
7:22 of 2nd period - Slapshot by Dmitry Kulikov.
7:22 of 2nd period - Deflect By Jonathan Toews.
7:22 of 2nd period - Shot Blocked by Dustin Boyd.
7:22 of 2nd period - Puck is out of play.
7:23 of 2nd period - Jonathan Toews wins face-off versus Sidney Crosby in Canadiens zone.
8:43 of 2nd period - Snap shot by Jaden Schwartz.
8:43 of 2nd period - Shot Blocked by Vitaly Vishnevsky.
8:43 of 2nd period - Vitaly Vishnevsky from Canadiens is injured at 8:43 of 2nd period (Strained Back).
8:44 of 2nd period - Taylor Hall wins face-off versus Sidney Crosby in Canadiens zone.
8:57 of 2nd period - Wrist shot by Patrick Kane.
8:57 of 2nd period - Stopped by Henrik Lundqvist with a rebound.
9:16 of 2nd period - Wrist shot by Tyler Cuma.
9:16 of 2nd period - Stopped by Henrik Lundqvist without a rebound.
9:17 of 2nd period - Jason Spezza wins face-off versus Jonathan Toews in Canadiens zone.
9:42 of 2nd period - Wrist shot by Evgeny Dadonov.
9:42 of 2nd period - Stopped by Tuukka Rask with a rebound.
9:44 of 2nd period - Backhand shot by Greg Stewart.
9:44 of 2nd period - Stopped by Tuukka Rask without a rebound.
9:45 of 2nd period - Sidney Crosby wins face-off versus Matt Duchene in Devils zone.
9:50 of 2nd period - Snap shot by Alexander Frolov.
9:50 of 2nd period - Shot Misses the Net.
9:52 of 2nd period - Wrist shot by Joe Pavelski.
9:52 of 2nd period - Shot Blocked by Patrick Kane.
9:54 of 2nd period - Snap shot by Wes O'Neill.
9:54 of 2nd period - Deflect By Tyler Cuma.
9:54 of 2nd period - Stopped by Tuukka Rask with a rebound.
9:56 of 2nd period - Slapshot by Shaone Morrisonn.
9:56 of 2nd period - Stopped by Tuukka Rask without a rebound.
9:57 of 2nd period - Sidney Crosby wins face-off versus Patrick Kane in Devils zone.
9:58 of 2nd period - Snap shot by Joe Pavelski.
9:58 of 2nd period - Stopped by Tuukka Rask without a rebound.
9:59 of 2nd period - Matt Duchene wins face-off versus Sidney Crosby in Devils zone.
9:59 of 2nd period - Matt Duchene is hit by Raphael Diaz.
10:25 of 2nd period - Greg Stewart is hit by Anthony Stewart and loses puck.
10:53 of 2nd period - Off-side.
10:54 of 2nd period - Matt Duchene wins face-off versus Alexander Frolov in neutral zone.
11:29 of 2nd period - Slapshot by Jason Spezza.
11:29 of 2nd period - Shot Misses the Net.
11:31 of 2nd period - Slapshot by Luke Schenn.
11:31 of 2nd period - Shot Blocked by Kellan Lain.
11:33 of 2nd period - Slapshot by Luke Schenn.
11:33 of 2nd period - Stopped by Tuukka Rask with a rebound.
11:35 of 2nd period - Backhand shot by Jason Spezza.
11:35 of 2nd period - Shot Blocked by Ben Lovejoy.
11:57 of 2nd period - Slapshot by Dustin Boyd.
11:57 of 2nd period - Stopped by Tuukka Rask without a rebound.
11:58 of 2nd period - Sidney Crosby wins face-off versus Matt Duchene in Devils zone.
12:50 of 2nd period - Brett Maclean is hit by Kellan Lain and loses puck.
13:19 of 2nd period - Snap shot by Steve Quailer.
13:19 of 2nd period - Shot Misses the Net.
13:42 of 2nd period - Snap shot by Matt Duchene.
13:42 of 2nd period - Shot Misses the Net.
14:49 of 2nd period - Backhand shot by Patrick Kane.
14:49 of 2nd period - Shot Misses the Net.
15:56 of 2nd period - Minor Penalty to Alexander Frolov for Holding.
15:57 of 2nd period - Matt Duchene wins face-off versus Sidney Crosby in Canadiens zone.
16:26 of 2nd period - Snap shot by Jordan Eberle.
16:26 of 2nd period - Stopped by Henrik Lundqvist without a rebound.
16:27 of 2nd period - Jonathan Toews wins face-off versus Sidney Crosby in Canadiens zone.
16:46 of 2nd period - Joe Pavelski is hit by Tyler Cuma and loses puck.
16:51 of 2nd period - Wrist shot by Taylor Hall.
16:51 of 2nd period - Stopped by Henrik Lundqvist without a rebound.
16:52 of 2nd period - Sidney Crosby wins face-off versus Matt Duchene in Canadiens zone.
17:56 of 2nd period - Penalty to Alexander Frolov is over, Alexander Frolov is back on ice.
18:10 of 2nd period - Minor Penalty to Scott Gomez for Hooking.
18:11 of 2nd period - Patrick Kane wins face-off versus Sidney Crosby in Devils zone.
18:11 of 2nd period - Patrick Kane is hit by Joe Pavelski.
18:38 of 2nd period - Travis Hamonic is hit by Evgeny Dadonov and loses puck.
18:45 of 2nd period - Snap shot by Evgeny Dadonov.
18:45 of 2nd period - Shot Blocked by Ben Lovejoy.
18:47 of 2nd period - Snap shot by Evgeny Dadonov.
18:47 of 2nd period - Goal by Evgeny Dadonov - Devils : 4 - Canadiens : 3.
18:48 of 2nd period - Sidney Crosby wins face-off versus Matt Duchene in neutral zone.
18:58 of 2nd period - Minor Penalty to Patrick Kane for Interference.
18:59 of 2nd period - Anthony Stewart wins face-off versus Alexander Frolov in Devils zone.
19:25 of 2nd period - Taylor Hall is hit by Greg Stewart and loses puck.
19:32 of 2nd period - Snap shot by Jason Spezza.
19:32 of 2nd period - Stopped by Tuukka Rask with a rebound.
Goals for this period are 0 for Devils vs 2 for Canadiens.
Shots for this period are 7 for Devils vs 15 for Canadiens.

3rd period


0:01 of 3rd period - Anthony Stewart wins face-off versus Joe Pavelski in neutral zone.
0:58 of 3rd period - Penalty to Patrick Kane is over, Patrick Kane is back on ice.
1:19 of 3rd period - Wrist shot by Jordan Eberle.
1:19 of 3rd period - Stopped by Henrik Lundqvist without a rebound.
1:20 of 3rd period - Jonathan Toews wins face-off versus Jason Spezza in Canadiens zone.
1:24 of 3rd period - Icing by Evgeny Dadonov.
1:25 of 3rd period - Jason Spezza wins face-off versus Matt Duchene in Canadiens zone.
1:53 of 3rd period - Off-side.
1:54 of 3rd period - Jonathan Toews wins face-off versus Sidney Crosby in neutral zone.
1:59 of 3rd period - Snap shot by Jonathan Toews.
1:59 of 3rd period - Stopped by Henrik Lundqvist with a rebound.
2:04 of 3rd period - Shaone Morrisonn is hit by Travis Hamonic and loses puck.
2:27 of 3rd period - Snap shot by Jaden Schwartz.
2:27 of 3rd period - Deflect By Jordan Eberle.
2:27 of 3rd period - Shot Misses the Net.
2:27 of 3rd period - Puck is out of play.
2:28 of 3rd period - Matt Duchene wins face-off versus Evgeny Dadonov in Canadiens zone.
2:29 of 3rd period - Snap shot by Patrick Kane.
2:29 of 3rd period - Shot Blocked by Luke Schenn.
2:31 of 3rd period - Wrist shot by Matt Duchene.
2:31 of 3rd period - Deflect By Taylor Hall.
2:31 of 3rd period - Goal by Taylor Hall - Devils : 5 - Canadiens : 3.
2:32 of 3rd period - Matt Duchene wins face-off versus Sidney Crosby in neutral zone.
2:35 of 3rd period - Snap shot by Taylor Hall.
2:35 of 3rd period - Stopped by Henrik Lundqvist without a rebound.
2:36 of 3rd period - Sidney Crosby wins face-off versus Matt Duchene in Canadiens zone.
2:51 of 3rd period - Raphael Diaz is hit by Patrick Kane and loses puck.
3:02 of 3rd period - Joe Pavelski is hit by Kellan Lain and loses puck.
3:09 of 3rd period - Backhand shot by Scott Gomez.
3:09 of 3rd period - Shot Misses the Net.
3:11 of 3rd period - Slapshot by Travis Hamonic.
3:11 of 3rd period - Stopped by Henrik Lundqvist with a rebound.
3:45 of 3rd period - Luke Schenn is hit by Ben Lovejoy and loses puck.
4:24 of 3rd period - Wrist shot by Evgeny Dadonov.
4:24 of 3rd period - Shot Misses the Net.
5:03 of 3rd period - Snap shot by Travis Hamonic.
5:03 of 3rd period - Shot Misses the Net.
6:01 of 3rd period - Dustin Kohn is hit by Tyler Cuma and loses puck.
8:04 of 3rd period - Dustin Boyd is hit by Jordan Eberle and loses puck.
9:29 of 3rd period - Alexander Frolov is hit by Travis Hamonic and loses puck.
10:19 of 3rd period - Backhand shot by Kellan Lain.
10:19 of 3rd period - Goal by Kellan Lain - Devils : 6 - Canadiens : 3.
10:20 of 3rd period - Patrick Kane wins face-off versus Jason Spezza in neutral zone.
10:25 of 3rd period - Slapshot by Patrick Kane.
10:25 of 3rd period - Shot Blocked by Luke Schenn.
10:27 of 3rd period - Snap shot by Matt Duchene.
10:27 of 3rd period - Shot Misses the Net.
10:29 of 3rd period - Snap shot by Tyler Cuma.
10:29 of 3rd period - Shot Misses the Net.
10:31 of 3rd period - Wrist shot by Patrick Kane.
10:31 of 3rd period - Deflect By Matt Duchene.
10:31 of 3rd period - Shot Hit the Post.
10:31 of 3rd period - Puck is out of play.
10:32 of 3rd period - Sidney Crosby wins face-off versus Matt Duchene in Canadiens zone.
10:34 of 3rd period - Minor Penalty to Luke Schenn for Hooking.
10:35 of 3rd period - Patrick Kane wins face-off versus Sidney Crosby in Canadiens zone.
10:43 of 3rd period - Snap shot by Patrick Kane.
10:43 of 3rd period - Shot Misses the Net.
10:45 of 3rd period - Snap shot by Patrick Kane.
10:45 of 3rd period - Stopped by Henrik Lundqvist with a rebound.
10:47 of 3rd period - Snap shot by Tyler Cuma.
10:47 of 3rd period - Stopped by Henrik Lundqvist without a rebound.
10:48 of 3rd period - Matt Duchene wins face-off versus Jason Spezza in Canadiens zone.
12:34 of 3rd period - Penalty to Luke Schenn is over, Luke Schenn is back on ice.
12:48 of 3rd period - Minor Penalty to Mike Komisarek for Slashing.
12:49 of 3rd period - Sidney Crosby wins face-off versus Patrick Kane in Devils zone.
13:08 of 3rd period - Taylor Hall is hit by Shaone Morrisonn and loses puck.
13:25 of 3rd period - Wrist shot by Greg Stewart.
13:25 of 3rd period - Stopped by Tuukka Rask with a rebound.
13:27 of 3rd period - Slapshot by Jason Spezza.
13:27 of 3rd period - Goal by Jason Spezza - Devils : 6 - Canadiens : 4.
13:28 of 3rd period - Sidney Crosby wins face-off versus Matt Duchene in neutral zone.
13:41 of 3rd period - Wrist shot by Alexander Frolov.
13:41 of 3rd period - Shot Blocked by Ben Lovejoy.
13:43 of 3rd period - Backhand shot by Joe Pavelski.
13:43 of 3rd period - Shot Misses the Net.
13:45 of 3rd period - Snap shot by Alexander Frolov.
13:45 of 3rd period - Deflect By Joe Pavelski.
13:45 of 3rd period - Stopped by Tuukka Rask with a rebound.
14:05 of 3rd period - Wrist shot by Greg Stewart.
14:05 of 3rd period - Stopped by Tuukka Rask with a rebound.
14:23 of 3rd period - Wrist shot by Dustin Boyd.
14:23 of 3rd period - Shot Misses the Net.
14:41 of 3rd period - Snap shot by Enver Lisin.
14:41 of 3rd period - Stopped by Tuukka Rask with a rebound.
17:07 of 3rd period - Wrist shot by Brandon Bollig.
17:07 of 3rd period - Stopped by Henrik Lundqvist with a rebound.
17:09 of 3rd period - Slapshot by Mike Komisarek.
17:09 of 3rd period - Shot Misses the Net.
17:11 of 3rd period - Backhand shot by Dmitry Kulikov.
17:11 of 3rd period - Goal by Dmitry Kulikov - Devils : 7 - Canadiens : 4.
17:12 of 3rd period - Matt Duchene wins face-off versus Sidney Crosby in neutral zone.
17:17 of 3rd period - Alexander Frolov is hit by Ryan O'Byrne and loses puck.
18:23 of 3rd period - Slapshot by Jason Spezza.
18:23 of 3rd period - Stopped by Tuukka Rask with a rebound.
18:25 of 3rd period - Wrist shot by Evgeny Dadonov.
18:25 of 3rd period - Stopped by Tuukka Rask without a rebound.
18:26 of 3rd period - Sidney Crosby wins face-off versus Patrick Kane in Devils zone.
18:39 of 3rd period - Raphael Diaz is hit by Dmitry Kulikov and loses puck.
18:56 of 3rd period - Wrist shot by Dustin Boyd.
18:56 of 3rd period - Goal by Dustin Boyd - Devils : 7 - Canadiens : 5.
18:57 of 3rd period - Marcel Goc wins face-off versus Scott Gomez in neutral zone.
19:02 of 3rd period - Wrist shot by Anthony Stewart.
19:02 of 3rd period - Shot Misses the Net.
19:04 of 3rd period - Slapshot by Kellan Lain.
19:04 of 3rd period - Goal by Kellan Lain - Devils : 8 - Canadiens : 5.
19:05 of 3rd period - Matt Duchene wins face-off versus Sidney Crosby in neutral zone.
19:32 of 3rd period - Greg Stewart is hit by Travis Hamonic and loses puck.
Goals for this period are 4 for Devils vs 2 for Canadiens.
Shots for this period are 11 for Devils vs 8 for Canadiens.